 Dungeon Crawl Stone Soup version 0.26-a0-49-g0e6732e0a6 (webtiles) character file.

Game seed: 5572975970562526357

47 dirklance the Sneak (level 3, -2/21 HPs)
             Began as a Vampire Assassin on June 4, 2020.
             Slain by a gnoll
             ... wielding a +0 club
              (7 damage)
             ... on level 2 of the Dungeon.
             The game lasted 00:11:20 (874 turns).

dirklance the Sneak (Vampire Assassin)               Turns: 874, Time: 00:11:21

Health: -2/21      AC:  6    Str: 10    XL:     3   Next: 48%
Magic:  3/3        EV: 12    Int: 13    God:
Gold:   110        SH:  0    Dex: 16    Spells: 2/2 levels left

rFire    . . .     SeeInvis +   a - +2 dagger
rCold    + + .     Gourm    .   (no shield)
rNeg     + + +     Faith    .   b - +0 robe
rPois    ∞         Spirit   .   (no helmet)
rElec    .         Reflect  .   c - +1 cloak
rCorr    .         Harm     .   m - +1 pair of gloves
MR       .....                  (no boots)
Stlth    ++++++....             (no amulet)
HPRegen  0.00/turn              (no ring)
MPRegen  0.08/turn              (no ring)

@: mighty, bloodless
A: no food, fangs 3, see invisible, unbreathing
a: Bat Form, Revivify


You were on level 2 of the Dungeon.
You were bloodless.

You visited 1 branch of the dungeon, and saw 2 of its levels.

You collected 110 gold pieces.

Inventory:

Hand Weapons
 a - a +2 dagger (weapon)
 f - a +0 spear
 g - a +0 whip
 k - a +0 hunting sling
Missiles
 d - 8 poisoned darts (quivered)
 e - 2 curare-tipped darts
 l - 14 bolts
Armour
 b - a +0 robe (worn)
 c - a +1 cloak (worn)
 m - a +1 pair of gloves (worn)
 n - a +0 pair of gloves
Scrolls
 i - a scroll of amnesia {unknown}
 o - a scroll of noise {unknown}
Potions
 j - a potion of brilliance


   Skills:
 * Level 2.0 Fighting
 + Level 2.3 Short Blades
 + Level 1.5 Throwing
 * Level 1.5 Dodging
 * Level 7.5 Stealth


You had 2 spell levels left.
You didn't know any spells.
Your spell library was empty.

Dungeon Overview and Level Annotations

Branches:
Dungeon (1/15)

Altars:
Hepliaklqana
Vehumet


Innate Abilities, Weirdness & Mutations

You do not eat.
You do not regenerate when monsters are visible.
You are frail without blood (-20% HP).
You can heal yourself when you bite living creatures.
You are immune to poison.
You have razor-sharp teeth.
You have supernaturally acute eyesight. (SInv)
You can survive without breathing.


Message History

The gnoll closely misses you.
You hit the gnoll.
The gnoll is severely wounded.
The gnoll barely misses you.
The gnoll hits you from afar with a +0 halberd.
You closely miss the gnoll.
The gnoll is severely wounded.
The gnoll barely misses you.
You barely miss the gnoll.
The gnoll is severely wounded.
The gnoll closely misses you. The gnoll hits you with a +0 club.
* * * LOW HITPOINT WARNING * * *
Drop what? 15/52 slots (_ for help) (? for menu, Esc to quit)
Okay, then.
Quiver which item? (- for none, * to show all) (? for menu, Esc to quit)
Okay, then.
It was a potion of might.
You feel very mighty all of a sudden. The gnoll closely misses you.
The gnoll hits you with a +0 club!
You die...

#..####.......#
####.###
#..####..####.#######
#.# ......#..#
##(....... #.#
#†###.#..# #.........
#.#
...##.#..###.###.####
#.# ...).........#
#....# #†###
...#†)..####.###.##.#
#...# #.#.....#
#...).##.#####$ ###.#
........#
###..@g........ #.#
#.#.....#
#####g..##### #.#
#.##....# #...g.g....
#.# #.###.#.#
#.##...#### #†# #.#
#.#.# #.###.## #.#
#.#.# ##.###.# #.#
######...##.# #.#
............#######
#.#
#####...#........#
#.#


You could see 3 gnolls.

Vanquished Creatures
  An adder (D:2)
  A worm (D:2)
  A leopard gecko (D:2)
  2 giant cockroaches
  5 goblins (D:2)
  3 hobgoblins (D:2)
  6 kobolds (D:2)
  7 bats
  3 frilled lizards
  8 rats (D:2)
37 creatures vanquished.

Notes
Turn   | Place    | Note
-------+----------+-------------------------------------------
     0 | D:1      | dirklance the Vampire Assassin began the quest for the Orb.
     0 | D:1      | Reached XP level 1. HP: 16/16 MP: 1/1
    66 | D:1      | Reached skill level 6 in Stealth
   129 | D:1      | You fall into a shaft and drop 1 floor!
   163 | D:2      | Reached XP level 2. HP: 17/17 MP: 2/2
   272 | D:2      | Found a hazy altar of Hepliaklqana.
   448 | D:2      | Reached skill level 7 in Stealth
   632 | D:2      | Reached XP level 3. HP: 21/21 MP: 3/3
   645 | D:2      | Found a radiant altar of Vehumet.
   874 | D:2      | Slain by a gnoll

Illustrated notes

Levels and vault maps discovered:
D:1:      psy_arrival_conway, layout_basic
D:2:      layout_loops_ring, nicolae_overflow_hidden_temple, vehumet_crystals,
          minmay_rat_gold_closets

Skill      XL: |  1  2  3 |
---------------+----------+-----
Stealth        | 6 7 |  7.5
Fighting       | 2 |  2.0
Short Blades   | |  2.3
Throwing       | |  1.5
Dodging        | |  1.5

Action                   || total
-------------------------++-------
Melee: Dagger            ||    87
       Bite              ||     9
Throw: Dart              ||     5
 Abil: Exsanguinate      ||     1
  Use: Scroll            ||     3
       Potion            ||     1
 Stab: Sleeping          ||    15
Armor: Robe              ||    16
Dodge: Dodged            ||    41

Table legend:
 A = Non-vault XP
 B = Vault XP
 C = Vault XP percentage of total XP
 D = Non-vault monster count
 E = Vault monster count
 F = Vault count percentage of total count
                 A         B        C        D         E       F
            +---------+---------+-------+---------+---------+-------
      Total |      64 |       4 |   5.9 |      33 |       4 |  10.8
            +---------+---------+-------+---------+---------+-------
        D:1 |       4 |       0 |   0.0 |       3 |       0 |   0.0
        D:2 |      60 |       4 |   6.2 |      30 |       4 |  11.8
            +---------+---------+-------+---------+---------+-------
